Map: Romanticide LE

Players

Has - Winner!

  • Race: Protoss Protoss
  • Spawn Location: 11:00

Dream

  • Race: Terran Terran
  • Spawn Location: 5:00

Event: IEM Katowice 2021

VOD

Have the link to the VOD?

Description

Time

  • Played on: Feb. 20, 2021, 10:16 a.m.
  • Length: 11:21

All games in this series

Show
View Real Time Build Order
Export as new Build Order

Has Protoss - Winner!

Build Orders: 1 Gate Expand, Double Forge, Zealot Archon, Dark Templar Rush 

Get SALT Encoding   

  12  0:00  Probe  
  13  0:12  Probe  
  14  0:18  Pylon  
  14  0:24  Probe (Chrono Boost)  
  15  0:38  Gateway, Probe (Chrono Boost)  
  16  0:43  Probe (Chrono Boost)  
  16  0:48  Assimilator  
  17  0:53  Probe  
  18  1:05  Probe  
  19  1:17  Nexus  
  19  1:27  Cybernetics Core  
  19  1:31  Probe  
  20  1:36  Assimilator  
  20  1:44  Pylon  
  20  1:46  Probe  
  21  1:58  Probe  
  21  2:00  Adept (Chrono Boost)  
  22  2:04  Warp Gate (Chrono Boost)  
  24  2:10  Probe  
  25  2:20  Stalker (Chrono Boost)  
  26  2:23  Probe (Chrono Boost)  
  28  2:31  Probe (Chrono Boost), Twilight Council  
  30  2:40  Probe x2 (Chrono Boost)  
  31  2:44  Adept  
  31  2:45  Probe (Chrono Boost)  
  31  2:46  Probe  
  35  2:57  Probe  
  36  2:58  Probe  
  37  3:09  Probe (Chrono Boost)  
  37  3:12  Probe (Chrono Boost)  
  39  3:21  Probe (Chrono Boost), Dark Shrine  
  39  3:28  Pylon, Probe (Chrono Boost)  
  39  3:29  Probe (Chrono Boost), Gateway  
  40  3:35  Probe x2  
  40  3:38  Shield Battery  
  42  3:43  Pylon  
  42  3:47  Probe  
  42  3:48  Probe  
  44  3:49  Stalker  
  46  3:57  Nexus  
  46  4:01  Probe  
  46  4:02  Probe  
  48  4:10  Blink (Chrono Boost)  
  48  4:13  Pylon, Probe  
  48  4:16  Probe  
  50  4:17  Assimilator  
  50  4:25  Probe  
  50  4:28  Probe  
  52  4:33  Dark Templar x2  
  52  4:37  Probe  
  57  4:40  Probe  
  57  4:41  Forge  
  57  4:43  Forge  
  58  4:49  Probe  
  58  4:52  Probe  
  60  5:01  Probe  
  60  5:04  Probe  
  62  5:10  Probe (Chrono Boost)  
  62  5:14  Probe (Chrono Boost)  
  62  5:18  Protoss Ground Weapons Level 1 (Chrono Boost), Stalker x2  
  62  5:20  Probe (Chrono Boost)  
  67  5:25  Probe (Chrono Boost)  
  67  5:26  Protoss Ground Armor Level 1 (Chrono Boost), Probe (Chrono Boost)  
  70  5:29  Gateway  
  70  5:31  Gateway, Probe (Chrono Boost)  
  70  5:32  Probe x2 (Chrono Boost)  
  70  5:35  Nexus  
  72  5:37  Pylon  
  72  5:40  Probe  
  73  5:43  Probe  
  73  5:45  Pylon, Probe  
  75  5:52  Probe  
  75  5:53  Gateway  
  75  5:56  Probe  
  77  5:57  Gateway  
  77  6:00  Pylon  
  77  6:03  Nexus  
  77  6:04  Charge, Probe  
  77  6:06  Probe  
  77  6:09  Dark Templar, Sentry  
  83  6:12  Probe  
  83  6:15  Robotics Facility  
  83  6:16  Probe  
  83  6:18  Probe  
  86  6:19  Pylon  
  86  6:24  Pylon, Probe  
  87  6:27  Pylon  
  87  6:29  Probe  
  88  6:35  Probe, Gateway  
  88  6:36  Pylon, Gateway  
  88  6:39  Gateway  
  89  6:42  Gateway  
  89  6:45  Stalker x2  
  93  6:50  Probe  
  93  6:52  Stalker x2  
  98  7:06  Gateway, Probe x3  
  98  7:07  Probe  
  98  7:08  Protoss Ground Weapons Level 2 (Chrono Boost)  
  102  7:14  Protoss Ground Armor Level 2 (Chrono Boost)  
  102  7:15  Zealot x5  
  106  7:16  Zealot  
  106  7:18  Probe  
  106  7:20  Pylon  
  106  7:22  Probe x2  
  117  7:23  Probe  
  117  7:24  Probe  
  117  7:28  Pylon  
  119  7:30  Probe  
  119  7:34  Pylon  
  120  7:37  Zealot x7  
  120  7:38  Zealot  
  136  7:44  Archon  
  136  7:46  Probe x2  
  136  7:47  Pylon  
  136  7:49  Probe  
  141  7:55  Pylon, Gateway  
  141  7:56  Zealot x2, Gateway, Pylon  
  141  7:58  Zealot x2  
  149  8:00  Zealot x2  
  149  8:02  Zealot x2  
  149  8:05  Zealot x2  
  159  8:06  Probe x2  
  159  8:08  Probe  
  150  8:22  Zealot x2  
  150  8:23  Zealot x7  
  148  8:29  Zealot x2  
  148  8:33  Probe x2  
  142  8:43  Shadow Stride (Chrono Boost)  
  142  8:44  Gateway  
  142  8:45  Zealot x9  
  160  8:54  Zealot x4  
  168  8:59  Nexus  
  168  9:00  Probe  
  168  9:01  Probe x4  
  157  9:10  Zealot x8  
  157  9:15  Zealot x2  
  157  9:16  Zealot x2  
  141  9:25  Probe x2  
  141  9:26  Observer (Chrono Boost)  
  141  9:31  Zealot x6  
  154  9:37  Zealot  
  154  9:38  Zealot x4  
  152  9:50  Stalker x3  
  152  9:52  Stalker x5  
  156  9:54  Stalker  
  156  9:58  Zealot x4  
  166  10:00  Probe x2  
  166  10:01  Probe  
  166  10:02  Probe  
  146  10:17  Zealot x3  
  146  10:18  Zealot x9  
  146  10:19  Zealot  
  156  10:23  Observer  
  156  10:24  Zealot  
  145  10:39  Zealot x4  
  145  10:40  Zealot x9  
  161  10:44  Observer  
  161  10:46  Probe  
  161  10:47  Probe x4  
  166  10:50  Zealot  
  166  11:00  Zealot x10  
  166  11:01  Zealot x3  
  192  11:11  Gateway  
  180  11:13  Gateway  
  180  11:15  Zealot  
  180  11:16  Gateway  
  180  11:17  Gateway  
Show
View Real Time Build Order
Export as new Build Order

Dream Terran 

Build Orders:  

Get SALT Encoding   

  12  0:00  SCV  
  13  0:12  SCV  
  14  0:16  Supply Depot  
  14  0:24  SCV  
  15  0:38  SCV  
  15  0:40  Barracks  
  15  0:42  Refinery  
  16  0:50  SCV  
  17  1:02  SCV  
  18  1:14  SCV  
  19  1:26  Marine  
  19  1:27  Orbital Command  
  20  1:40  Command Center  
  20  1:53  Factory  
  20  1:55  SCV  
  21  2:01  Barracks Reactor  
  21  2:07  SCV  
  22  2:09  Refinery  
  22  2:14  Supply Depot  
  22  2:19  SCV  
  23  2:24  Bunker  
  23  2:36  SCV  
  24  2:37  Marine  
  24  2:38  Marine  
  26  2:44  Hellion  
  26  2:48  SCV  
  29  2:52  Orbital Command  
  29  3:00  SCV  
  29  3:05  Starport  
  31  3:14  SCV  
  31  3:15  Marine  
  31  3:16  Marine  
  31  3:17  Factory Tech Lab  
  31  3:26  SCV  
  32  3:27  SCV  
  32  3:33  Marine  
  34  3:34  Marine  
  34  3:38  SCV  
  34  3:39  SCV  
  37  3:45  Factory Tech Lab  
  37  3:50  Supply Depot  
  37  3:51  SCV x2  
  37  3:53  Raven  
  37  3:54  Marine x2  
  43  4:03  SCV  
  43  4:04  SCV  
  45  4:12  Siege Tank  
  45  4:13  Command Center  
  45  4:15  SCV  
  45  4:16  SCV  
  50  4:19  Marine  
  50  4:21  Marine  
  52  4:27  SCV  
  52  4:30  SCV, Supply Depot  
  54  4:37  Barracks  
  54  4:42  Barracks  
  54  4:49  Refinery  
  54  4:50  Refinery  
  54  4:52  SCV x2  
  56  4:53  Engineering Bay  
  56  4:56  Engineering Bay  
  56  5:02  Marine  
  56  5:04  SCV x2  
  57  5:12  Stimpack, Viking  
  54  5:16  SCV x2  
  54  5:19  Marine  
  54  5:20  Terran Infantry Weapons Level 1  
  56  5:26  Terran Infantry Armor Level 1  
  56  5:28  SCV x2  
  56  5:30  Orbital Command  
  58  5:40  SCV x2, Marine x2  
  63  5:49  Marine  
  64  5:50  Starport Reactor  
  64  5:52  SCV x2  
  64  5:53  Supply Depot  
  64  5:55  SCV  
  66  5:59  Marine, Combat Shield  
  66  6:00  Marine x2  
  69  6:05  SCV x2  
  69  6:06  Missile Turret, Factory Reactor  
  69  6:09  SCV  
  69  6:11  Supply Depot  
  72  6:14  Marine  
  72  6:17  SCV x2, Marine, Orbital Command  
  76  6:22  Marine x2  
  78  6:29  SCV x2  
  80  6:32  Medivac  
  80  6:33  Medivac, Marine  
  80  6:34  Marine, Supply Depot  
  86  6:41  SCV x2  
  86  6:43  Barracks  
  86  6:45  Barracks  
  86  6:46  Marine x2  
  90  6:50  SCV  
  90  6:52  Supply Depot  
  90  6:53  SCV x2  
  93  6:56  Widow Mine x2  
  95  7:02  Medivac, SCV  
  95  7:03  Medivac  
  95  7:05  SCV  
  101  7:14  Marauder x2, Marine  
  106  7:16  SCV x2  
  106  7:18  Supply Depot  
  106  7:19  Supply Depot  
  108  7:24  Marine  
  108  7:25  SCV  
  109  7:36  Missile Turret  
  109  7:37  Barracks Reactor  
  109  7:38  Barracks Tech Lab  
  109  7:39  SCV, Marine  
  109  7:40  Widow Mine x2  
  109  7:41  Marauder x2  
  109  7:42  SCV x2  
  117  7:45  Medivac x2  
  117  7:46  Concussive Shells  
  117  7:51  SCV, Armory  
  121  7:55  Marine  
  121  7:56  SCV x2  
  125  7:59  Supply Depot  
  125  8:00  Supply Depot  
  125  8:04  Marine  
  125  8:06  Supply Depot x2  
  124  8:16  Widow Mine  
  124  8:17  Marauder  
  124  8:18  Marauder  
  124  8:19  Marauder, Widow Mine, SCV  
  125  8:20  SCV  
  125  8:23  Marine x4  
  125  8:25  SCV  
  112  8:31  SCV  
  112  8:33  SCV  
  114  8:37  Widow Mine  
  114  8:38  Medivac x2, SCV, Marauder  
  114  8:39  Marauder  
  114  8:41  Widow Mine  
  119  8:42  Marine x4  
  119  8:43  SCV  
  119  8:45  SCV  
  119  8:46  Marauder  
  127  8:50  SCV  
  127  8:52  Terran Infantry Weapons Level 2  
  128  8:56  SCV  
  128  8:57  SCV  
  128  8:59  Supply Depot  
  131  9:08  Marauder x2, Orbital Command  
  123  9:10  Marine x2  
  123  9:13  SCV x2  
  104  9:18  Widow Mine x2  
  104  9:21  Marauder, Marine  
  104  9:25  SCV x2  
  104  9:28  Bunker  
  104  9:30  Marine x2  
  108  9:31  Orbital Command  
  108  9:36  Marine  
  109  9:40  Widow Mine  
  109  9:41  Liberator  
  112  9:46  SCV x2  
  112  9:50  Marine  
  112  9:51  Marine x2  
  114  9:58  SCV x2  
  118  10:00  Widow Mine  
  118  10:02  SCV  
  117  10:10  SCV x2  
  117  10:11  Marine x2  
  111  10:16  SCV  
  111  10:18  Marauder, Marine  
  111  10:19  Marine  
  111  10:22  SCV  
  111  10:23  SCV  
  111  10:24  Marine  
  112  10:29  Widow Mine x2  
  112  10:33  Orbital Command  
  112  10:34  Marauder  
  112  10:35  Marine x2  
  98  10:36  Marine  
  98  10:38  SCV  
  98  10:39  Marauder  
  98  10:40  Marine  
  98  10:42  Marine  
  77  10:54  Widow Mine x2  

Tags
 
Add a new tag
Caveats
  • Supply blocks, unpowered buildings, or Contaminate may cause inaccurate times.
  • Supply counts are checked every 10 seconds.